 Dungeon Crawl Stone Soup version 0.22.0 (webtiles) character file.

37183 KnightedAnt the Agent of Entropy (level 14, -1/114 HPs)
             Began as a Formicid Abyssal Knight on Oct 29, 2018.
             Was a Priest of Lugonu.
             Slain by a death yak (24 damage)
             ... on level 5 of the Lair of Beasts.
             The game lasted 00:45:42 (25575 turns).

KnightedAnt the Agent of Entropy (FoAK)            Turns: 25575, Time: 00:45:43

Health: -1/114     AC: 13    Str: 22    XL:     14   Next: 27%
Magic:  30/30      EV: 11    Int: 14    God:    Lugonu [***...]
Gold:   1078       SH:  6    Dex: 10    Spells: 13/13 levels left

rFire    . . .     SeeInvis +   B - +2 dire flail
rCold    . . .     Gourm    .   g - +0 buckler
rNeg     . . .     Faith    +   J - +3 scale mail {MR+}
rPois    .         Spirit   .   (helmet unavailable)
rElec    .         Reflect  .   y - scarf {repulsion}
rCorr    +         Harm     .   t - +0 pair of gloves
MR       ++...                  (no boots)
Stlth    ..........             H - amulet of faith
HPRegen  0.29/turn              r - ring of resist corrosion
MPRegen  0.22/turn              i - ring of magical power

@: repel missiles
A: permanent stasis, dig shafts and tunnels, four strong arms, antennae 3, low
mp 1, strong 1
a: Dig, Shaft Self, Depart the Abyss, Bend Space, Banish, Renounce Religion


You were on level 5 of the Lair of Beasts.
You worshipped Lugonu.
Lugonu was most pleased with you.
You were hungry.

You visited 2 branches of the dungeon, and saw 17 of its levels.
You visited the Abyss 2 times.

You collected 1078 gold pieces.

Inventory:

Hand Weapons
 s - a +0 whip of electrocution
 B - a +2 dire flail (weapon)
Armour
 g - a +0 buckler (worn)
 t - a +0 pair of gloves (worn)
 y - a scarf of repulsion (worn)
 J - a +3 scale mail of magic resistance (worn)
Jewellery
 i - a ring of magical power (right hand)
 l - an uncursed amulet of the gourmand
 o - an uncursed ring of stealth
 r - a ring of resist corrosion (left hand)
 H - an amulet of faith (around neck)
Wands
 a - a wand of random effects (15)
 x - a wand of flame (28)
 C - a wand of acid (22)
 D - a wand of polymorph (17)
 I - a wand of enslavement (50)
 N - a wand of scattershot (9)
 S - a wand of digging (27)
Scrolls
 f - 8 scrolls of remove curse
 h - a scroll of amnesia
 n - 4 scrolls of fog
 u - 7 scrolls of magic mapping
 v - a scroll of vulnerability
Potions
 b - a potion of flight
 e - a potion of invisibility
 j - 12 potions of curing
 k - 3 potions of resistance
 m - 2 potions of agility
 p - a potion of magic {unknown}
 q - 4 potions of brilliance
 w - 2 potions of cancellation
 z - a potion of ambrosia
 A - 2 potions of degeneration
 K - a potion of berserk rage {unknown}
 M - 2 potions of lignification {unknown}
 O - 2 potions of heal wounds {unknown}
Miscellaneous
 E - a lightning rod (4/4)
Comestibles
 c - 35 rations


   Skills:
 + Level 11.9 Fighting
 + Level 10.8 Maces & Flails
 + Level 11.7 Armour
 - Level 2.0 Dodging
 + Level 12.1 Shields
 + Level 12.6 Invocations


You had 13 spell levels left.
You didn't know any spells.
Your spell library contained the following spells:

 Spells                   Type           Power        Failure   Level  Hunger
 Fireball                 Conj/Fire      #.........   100%        5    ######.
 Conjure Flame            Conj/Fire      #.......     88%         3    ####...
 Throw Flame              Conj/Fire      #.....       67%         2    ###....
 Summon Small Mammal      Summ           #...         52%         1    ##.....
 Sticky Flame             Conj/Fire      #.......     99%         4    #####..
 Summon Ice Beast         Ice/Summ       #.......     99%         4    #####..
 Call Imp                 Summ           #.......     67%         2    ###....
 Regeneration             Chrm/Necr      #.........   88%         3    ####...
 Spider Form              Tmut/Pois      #.........   88%         3    ####...
 Blade Hands              Tmut           #.........   100%        5    ######.
 Ice Form                 Ice/Tmut       #.......     99%         4    #####..
 Flame Tongue             Conj/Fire      #....        52%         1    ##.....
 Sticks to Snakes         Tmut           #.......     67%         2    ###....
 Call Canine Familiar     Summ           #.......     88%         3    ####...
 Shroud of Golubria       Chrm/Tloc      #.........   67%         2    ###....
 Inner Flame              Hex/Fire       #.......     88%         3    ####...
 Beastly Appendage        Tmut           #.....       52%         1    ##.....
 Infusion                 Chrm           #...         52%         1    ##.....
 Song of Slaying          Chrm           #.......     67%         2    ###....
 Spectral Weapon          Hex/Chrm       #.......     88%         3    ####...
 Summon Lightning Spire   Summ/Air       #.......     99%         4    #####..
 Summon Guardian Golem    Hex/Summ       #.......     88%         3    ####...


Dungeon Overview and Level Annotations

Branches:
Dungeon (11/15)            Temple (0/1) D:7            Lair (6/6) D:11
 Shoals (0/4) Lair:4       Spider (0/4) Lair:4        Slime (0/5) Lair:5
    Orc: D:9-12

Altars:
Ashenzari
Hepliaklqana
Nemelex Xobeh
Okawaru
Qazlal
Ru
Uskayaw
Wu Jian
Xom
The Shining One
Jiyva

Shops:
D:6 *   D:9 %

Annotations:
Lair:5 2 runed doors, lepoulpe303's ghost, journeyman DsAK
Lair:6 exclusion: oklob plant
Abyss:1 Nessos


Innate Abilities, Weirdness & Mutations

You cannot be hasted, slowed, berserked, paralysed or teleported.
You can dig through walls and to a lower floor.
Your four strong arms can wield two-handed weapons with a shield.
You have a pair of large antennae on your head. (SInv)
Your magical capacity is low. (-10% MP)
Your muscles are strong. (Str +2)


Message History

You block the death yak's attack.
Aiming: Corrosive Bolt
Press: ? - help, Shift-Dir - straight line, f - death yak
Aim: a death yak The bolt of acid hits the death yak.
The death yak is splashed with acid.
The acid corrodes the death yak!
The death yak is moderately wounded.
The death yak gores you.
Aiming: Corrosive Bolt
Press: ? - help, Shift-Dir - straight line, f/p - death yak
Aim: a death yak (moderately wounded, covered in acid)
The bolt of acid hits the death yak.
The death yak is splashed with acid.
The acid corrodes the death yak!
The death yak is heavily wounded.
The death yak gores you!!
* * * LOW HITPOINT WARNING * * *
You bludgeon the death yak!!
The death yak is severely wounded.
The death yak gores you!!
You die...

#...##....?..###.#..#...#.## #
..#.###.....##..........P.#
....?##..............##...##
...####....#....##...####..# ...#
#.#..##...##....# #.## # ..P##
#.#..#..........###.## ###
....###.....P.........#....####.#
.....##...#......<....P.....##.(.
....#..(........@Y..........#...#
##+##.........[.................#
#W≈.#..........##.........P......
#.≈.#......P#####.........P......
#.≈.#...P...# #.................
#.≈.#...>...## ###.........#.#PP#
#(!$#........# #.#.P###....P.#..#
#####........# #...P###......#.##
..........#######...##P.....#####


You could see a death yak.

Vanquished Creatures
  7 death yaks
  2 unseen horrors (D:10)
  Pikel (D:5)
  A wizard (D:11)
  A manticore (D:11)
  2 ugly things
  Psyche (D:8)
  12 elephants
  A black mamba (Lair:1)
  11 spiny frogs
  2 rime drakes
  A komodo dragon (Lair:6)
  2 polar bears (Lair:4)
  Prince Ribbit (D:8)
  A snapping turtle (Lair:4)
  10 blink frogs
  4 hippogriffs
  14 yaks
  A shadow (D:11)
  2 wyverns
  2 wraiths
  3 basilisks
  2 hungry ghosts
  An acid dragon (D:11)
  17 water moccasins
  A porcupine (Lair:3)
  3 black bears
  4 sky beasts
  5 orc warriors
  A phantom (D:5)
  3 ice beasts
  A necrophage (D:8)
  3 ogres
  5 centaurs
  10 wolves
  6 crocodiles
  2 big kobolds
  21 bullfrogs
  A scorpion (D:10)
  A water moccasin skeleton (D:11)
  9 wights
  5 howler monkeys
  6 crimson imps
  5 hounds
  2 jellies
  2 centaur skeletons
  5 orc priests
  17 orc wizards
  4 iguanas
  5 worker ants
  4 hound zombies
  A hound skeleton (D:5)
  12 adders
  2 shadow imps
  2 oozes
  An adder skeleton (D:4)
  2 worms
  3 dart slugs
  3 leopard geckos
  42 orcs
  3 ball pythons
  5 giant cockroaches
  5 goblins
  6 hobgoblins
  7 jackals
  4 quokkas
  8 bats
  7 frilled lizards
  13 kobolds
  A leopard gecko zombie (D:5)
  10 rats
370 creatures vanquished.

Vanquished Creatures (others)
  A very ugly thing (D:11)
  4 hydras
  A wizard (D:11)
  5 ugly things
  An elephant (Lair:2)
  2 black mambas
  4 komodo dragons
  A slave (D:5)
  2 sky beasts
  An orc wizard (D:5)
  A shadow imp (D:5)
  An orc (D:5)
  2 fungi (Lair:1)
  5 plants
31 creatures vanquished.

Grand Total: 401 creatures vanquished

Notes
Turn   | Place    | Note
-------+----------+-------------------------------------------
     0 | Abyss:1  | KnightedAnt the Formicid Abyssal Knight began the quest for the Orb.
     0 | Abyss:1  | Reached XP level 1. HP: 18/18 MP: 2/2
    64 | Abyss:1  | Noticed a small abomination
    75 | D:1      | Escaped the Abyss
    75 | D:1      | Noticed a tentacled monstrosity
    75 | D:1      | Noticed a shadow dragon
    76 | D:1      | Noticed a yellow draconian
    78 | D:1      | Noticed a red draconian
    82 | D:1      | Noticed a large abomination
    83 | D:1      | Noticed an iron dragon
    84 | D:1      | Noticed a green draconian
    87 | D:1      | Noticed a tentacled monstrosity
    89 | D:1      | Noticed an ice dragon
    89 | D:1      | Noticed a tentacled monstrosity
    91 | D:1      | Noticed a large abomination
    91 | D:1      | Noticed an iron dragon
    93 | D:1      | Noticed an orb of fire
    93 | D:1      | Noticed a red draconian
    95 | D:1      | Noticed an iron dragon
   166 | D:1      | Reached skill level 1 in Dodging
   172 | D:1      | Reached * piety under Lugonu
   397 | D:1      | Reached XP level 2. HP: 24/24 MP: 3/3
   678 | D:1      | Reached XP level 3. HP: 29/29 MP: 4/4
  1044 | D:2      | Found an ornate altar of the Wu Jian Council.
  1384 | D:2      | Reached XP level 4. HP: 33/37 MP: 6/6
  1535 | D:2      | Reached ** piety under Lugonu
  2045 | D:3      | Reached XP level 5. HP: 33/42 MP: 7/7
  2921 | D:4      | Reached XP level 6. HP: 45/48 MP: 8/8
  2981 | D:4      | Reached skill level 1 in Shields
  3008 | D:4      | Found a sparkling altar of Nemelex Xobeh.
  3008 | D:4      | Found a shattered altar of Ashenzari.
  3015 | D:4      | Reached *** piety under Lugonu
  3512 | D:4      | Found a hide-covered altar of Uskayaw.
  3571 | D:5      | Entered Level 5 of the Dungeon
  3571 | D:5      | Noticed a sky beast
  3596 | D:5      | Banished a sky beast
  3846 | D:5      | Noticed a phantom
  3859 | D:5      | Reached XP level 7. HP: 39/55 MP: 10/10
  4018 | D:5      | Noticed Pikel
  4037 | D:5      | Killed Pikel
  4037 | D:5      | Reached skill level 5 in Fighting
  4037 | D:5      | Reached skill level 5 in Armour
  4037 | D:5      | Reached skill level 5 in Invocations
  4037 | D:5      | Reached XP level 8. HP: 39/63 MP: 11/11
  4802 | D:5      | Found a sacrificial altar of Ru.
  4817 | D:5      | Found a stormy altar of Qazlal.
  5215 | D:6      | Found a shimmering altar of Xom.
  5336 | D:6      | Found an iron altar of Okawaru.
  5354 | D:6      | Reached skill level 5 in Maces & Flails
  5354 | D:6      | Reached XP level 9. HP: 67/69 MP: 13/13
  5475 | D:6      | Reached skill level 5 in Shields
  5976 | D:6      | Found Musm's General Store.
  6069 | D:6      | You fall through a shaft for 2 floors!
  6093 | D:8      | Found a glowing golden altar of the Shining One.
  6327 | D:7      | Reached **** piety under Lugonu
  6717 | D:7      | Reached XP level 10. HP: 35/79 MP: 15/15
  7199 | D:7      | Found a staircase to the Ecumenical Temple.
  7334 | D:7      | Found a hazy altar of Hepliaklqana.
  7710 | D:8      | Noticed Psyche
  7725 | D:8      | Killed Psyche
  8034 | D:8      | Noticed Prince Ribbit
  8057 | D:8      | Killed Prince Ribbit
  8829 | D:9      | Found Xenuov's Food Boutique.
  8889 | D:9      | Reached XP level 11. HP: 77/87 MP: 17/17
  9441 | D:10     | Entered Level 10 of the Dungeon
  9505 | D:10     | Noticed an unseen horror
  9540 | D:10     | Killed an unseen horror
  9877 | D:10     | Reached ***** piety under Lugonu
 10038 | D:10     | Noticed an unseen horror
 10054 | D:10     | Killed an unseen horror
 10409 | D:11     | Noticed a purple ugly thing
 10432 | D:11     | Killed a purple ugly thing
 10556 | D:11     | Noticed a manticore
 10599 | D:11     | Killed a manticore
 11086 | D:11     | Found a staircase to the Lair.
 11486 | D:11     | Noticed a white ugly thing
 11488 | D:11     | Noticed a purple ugly thing
 11491 | D:11     | Noticed a cyan ugly thing
 11496 | D:11     | Noticed a green ugly thing
 11573 | D:10     | Banished a cyan ugly thing
 11885 | D:10     | Killed a green ugly thing
 12074 | D:10     | Banished a white ugly thing
 12370 | D:10     | Banished a white ugly thing
 12370 | D:10     | Reached skill level 10 in Invocations
 12846 | D:11     | Noticed a white ugly thing
 12846 | D:11     | Noticed a white ugly thing
 12875 | D:11     | Reached XP level 12. HP: 78/96 MP: 19/19
 13351 | D:11     | Noticed a white very ugly thing
 13358 | D:11     | Cast into level 2 of the Abyss (a wizard)
 13411 | Abyss:3  | Noticed a cyan very ugly thing
 13411 | Abyss:3  | Noticed a cyan very ugly thing
 13411 | Abyss:3  | Noticed a cyan very ugly thing
 13411 | Abyss:3  | Noticed a cyan very ugly thing
 13412 | Abyss:3  | Noticed a cyan very ugly thing
 13428 | D:11     | Escaped the Abyss
 13457 | D:11     | Banished a white very ugly thing
 13669 | D:11     | Noticed a wizard
 13686 | D:11     | Banished a wizard
 13885 | Lair:1   | Entered Level 1 of the Lair of Beasts
 13964 | Lair:1   | Reached skill level 10 in Fighting
 14285 | Lair:1   | Reached skill level 10 in Shields
 14762 | Lair:1   | Noticed a five-headed hydra
 14789 | Lair:1   | Banished a five-headed hydra
 14789 | Lair:1   | Reached skill level 10 in Armour
 16020 | Lair:1   | Noticed a five-headed hydra
 16023 | Lair:1   | Banished a five-headed hydra
 17194 | Lair:2   | HP: 1/98 [elephant (15)]
 17624 | Lair:2   | Reached XP level 13. HP: 25/104 MP: 21/21
 19823 | Lair:3   | Reached skill level 10 in Maces & Flails
 20257 | Lair:4   | Found a hole to the Spider Nest.
 21923 | Lair:4   | Found a staircase to the Shoals.
 22035 | Lair:4   | Gained mutation: Your flesh is cold resistant. (rC+) [potion of mutation]
 22035 | Lair:4   | Gained mutation: You possess an exceptional clarity of mind. [potion of mutation]
 22035 | Lair:4   | Gained mutation: Your body sometimes deteriorates upon taking damage. [potion of mutation]
 22035 | Lair:4   | Gained mutation: You have large cloven feet. [potion of mutation]
 22036 | Lair:4   | Lost mutation: Your flesh is cold resistant. (rC+) [potion of mutation]
 22036 | Lair:4   | Lost mutation: Your body sometimes deteriorates upon taking damage. [potion of mutation]
 22036 | Lair:4   | Lost mutation: You possess an exceptional clarity of mind. [potion of mutation]
 22036 | Lair:4   | Lost mutation: You have large cloven feet. [potion of mutation]
 22036 | Lair:4   | Gained mutation: Your magical capacity is low. (-10% MP) [potion of mutation]
 22036 | Lair:4   | Gained mutation: Your muscles are strong. (Str +2) [potion of mutation]
 22191 | Lair:5   | Found a runed door.
 22347 | Lair:5   | Noticed Nessos
 22348 | Lair:5   | Banished Nessos
 22835 | Lair:5   | Noticed an eight-headed hydra
 22837 | Lair:5   | Banished an eight-headed hydra
 23443 | Lair:5   | Found a runed door.
 23443 | Lair:5   | Found a viscous altar of Jiyva.
 23444 | Lair:5   | Found a staircase to the Slime Pits.
 23540 | Lair:5   | Noticed lepoulpe303's ghost (journeyman DsAK)
 23551 | Lair:6   | Entered Level 6 of the Lair of Beasts
 23910 | Lair:6   | Noticed a four-headed hydra
 23916 | Lair:6   | Banished a four-headed hydra
 23916 | Lair:6   | Reached XP level 14. HP: 113/113 MP: 20/20
 25575 | Lair:5   | Slain by a death yak

Skill      XL: |  1  2  3  4  5  6  7  8  9 10 11 12 13 14 |
---------------+-------------------------------------------+-----
Dodging        | 1 2 |  2.0
Armour         | 3 4 5 6 8 9 10 11 | 11.7
Invocations    | 3 4 5 7 8 10 11 12 | 12.6
Fighting       | 4 5 6 7 8 9 10 11 | 11.9
Maces & Flails | 3 4 5 6 7 8 9 10 | 10.8
Shields        | 2 3 4 6 7 9 10 11 12 | 12.1

Action                   |  1- 3 |  4- 6 |  7- 9 | 10-12 | 13-15 || total
-------------------------+-------+-------+-------+-------+-------++-------
Melee: Mace              |   103 |   107 |       |       |       ||   210
       Whip              |       |    45 |   454 |  1046 |   327 ||  1872
       Dire flail        |       |       |       |       |   333 ||   333
Invok: Depart the Abyss  |     1 |       |       |       |       ||     1
       Banish            |       |     1 |     1 |    15 |     8 ||    25
 Abil: Dig               |       |     2 |     3 |    11 |     2 ||    18
Evoke: Wand              |       |       |       |     1 |     2 ||     3
  Use: Scroll            |       |     5 |       |     7 |    16 ||    28
       Potion            |       |       |       |     2 |     5 ||     7
 Stab: Invisible         |       |       |       |       |     1 ||     1
  Eat: Chunk             |     1 |     9 |    19 |    34 |    24 ||    87
       Ration            |       |       |       |     3 |     1 ||     4
Armor: Plate armour      |   118 |    93 |   250 |   317 |       ||   778
       Leather armour    |     1 |       |       |       |       ||     1
       Scale mail        |       |       |       |    75 |   163 ||   238
Dodge: Dodged            |    47 |    29 |   109 |   233 |   218 ||   636
       Deflected         |       |       |       |     2 |     1 ||     3
Block: Buckler           |       |    10 |    78 |   198 |   151 ||   437
